 Dungeon Crawl Stone Soup version 0.29.0-4-gdea44cf6ec (webtiles) character file.

Game seed: 18229215439112307952

34056 qw the Severer (level 12, -2/106 HPs)
             Began as a Minotaur Fighter on Sept 7, 2022.
             Was an Elder of Ru.
             Slain by an eight-headed hydra (4 damage)
             ... on level 4 of the Lair of Beasts.
             The game lasted 00:05:45 (13104 turns).

qw the Severer (Minotaur Fighter)                  Turns: 13104, Time: 00:05:46

Health: -2/106     AC: 25    Str: 26    XL:     12   Next: 40%
Magic:  11/11      EV:  8    Int:  5    God:    Ru [****..]
Gold:   1170       SH: 22    Dex: 10    Spells: 11/11 levels left

rFire   + + .      SeeInvis .   f - +0 morningstar
rCold   + . .      Faith    .   z - +0 tower shield
rNeg    . . .      Spirit   .   m - +6 chain mail of Makhleb's Approval {rPois rF++ Will+ Regen+}
rPois   +          Reflect  +   (helmet restricted)
rElec   .          Harm     .   o - scarf {repulsion}
rCorr   .          Rampage  .   i - +2 pair of gloves
Will    +++..                   g - +1 pair of boots
Stlth   ..........              b - amulet of reflection
HPRegen 1.07/turn               a - ring of the Decaying God {rC+ Will+}
MPRegen 0.12/turn               y - ring of willpower

@: about to teleport, repel missiles
A: horns 2, no stealth, inability to use devices, inexperienced 1, retaliatory
headbutt
a: Renounce Religion, Draw Out Power, Power Leap


You were on level 4 of the Lair of Beasts.
You worshipped Ru.
Ru was greatly pleased with you.
You visited 3 branches of the dungeon, and saw 16 of its levels.
You also visited: Sewer and Gauntlet.

You collected 1170 gold pieces.


Innate Abilities, Weirdness & Mutations

You have a pair of horns on your head.
You cannot be stealthy.
You cannot study or use magical devices.
You are somewhat inexperienced. (-1 XL)
You reflexively headbutt those who attack you in melee.


   Skills:
 - Level 10.0 Fighting
 - Level 17.0 Axes
 - Level 3.1 Throwing
 - Level 13.6 Armour
 - Level 4.2 Dodging
 + Level 14.6 Shields


You had 11 spell levels left.
You didn't know any spells.
Your spell library was empty.

Inventory:

Hand Weapons
 f - a +0 morningstar (weapon)
 x - a +3 vorpal war axe
Missiles
 c - 8 javelins (quivered)
 j - 4 silver boomerangs
 r - 6 boomerangs
Armour
 g - a +1 pair of boots (worn)
 i - a +2 pair of gloves (worn)
 m - the +6 chain mail of Makhleb's Approval (worn) {rPois rF++ Will+ Regen+}
   (You found it on level 9 of the Dungeon)

   rF:        It greatly protects you from fire.
   rPois:     It protects you from poison.
   Regen:     It increases your rate of health regeneration.
   Will:      It increases your willpower.
 o - a scarf of repulsion (worn)
 t - a +0 cloak
 z - a +0 tower shield (worn)
Jewellery
 a - the ring of the Decaying God (left hand) {rC+ Will+}
   (You found it in a Gauntlet)

   [ring of willpower]

   rC:        It protects you from cold.
   Will:      It increases your willpower.
 b - an amulet of reflection (around neck)
 k - a ring of poison resistance
 y - a ring of willpower (right hand)
 Y - a ring of positive energy
Scrolls
 e - 11 scrolls of teleportation
 p - a scroll of identify
Potions
 d - 9 potions of might
 h - 9 potions of haste
 l - 4 potions of curing
 n - 4 potions of heal wounds
 s - 6 potions of resistance
 u - 3 potions of cancellation
 w - 2 potions of mutation

Dungeon Overview and Level Annotations

Branches:
Dungeon (11/15)            Temple (1/1) D:7            Lair (4/5) D:8
  Swamp (0/4) Lair:3        Snake (0/4) Lair:2          Orc (0/2) D:11
  Sewer (visited)         Gauntlet (visited)
  Slime: Lair:4-5

Altars:
Ashenzari
Cheibriados
Dithmenos
Elyvilon
Fedhas
Gozag
Hepliaklqana
Kikubaaqudgha
Makhleb
Nemelex Xobeh
Okawaru
Qazlal
Ru
Trog
Vehumet
Wu Jian
Yredelemnul
Zin
The Shining One
Lugonu

Shops:
D:11 [

Annotations:
D:4 1 runed translucent door
D:5 2 runed translucent doors, qw's ghost, novice MiFi
D:7 1 transporter
Lair:1 1 runed translucent door, qw's ghost, novice TeWr


Message History

You block the eight-headed hydra's attack.
The eight-headed hydra bites you but does no damage.
You block the eight-headed hydra's attack. x2
The eight-headed hydra bites you but does no damage.
You block the eight-headed hydra's attack.
The eight-headed hydra bites you but does no damage.
You puncture the eight-headed hydra!
The eight-headed hydra is heavily wounded.
The blink frog blinks!
The eight-headed hydra barely misses you.
You block the eight-headed hydra's attack.
The eight-headed hydra closely misses you.
You block the eight-headed hydra's attack.
The eight-headed hydra bites you but does no damage.
You block the eight-headed hydra's attack.
The eight-headed hydra bites you but does no damage. x2
You barely miss the eight-headed hydra. You headbutt the eight-headed hydra.
The eight-headed hydra is heavily wounded.
The blink frog blinks!
You block the eight-headed hydra's attack.
The eight-headed hydra barely misses you.
The eight-headed hydra bites you but does no damage. x2
The eight-headed hydra bites you! The eight-headed hydra bites you.
The eight-headed hydra bites you!
The eight-headed hydra bites you but does no damage.
The blink frog blinks! x2; The eight-headed hydra bites you!
You block the eight-headed hydra's attack.
The eight-headed hydra barely misses you.
The eight-headed hydra bites you but does no damage. x2
You block the eight-headed hydra's attack.
The eight-headed hydra bites you but does no damage.
The eight-headed hydra bites you.
13104 ||| READING 12 scrolls of teleportation.
As you read the scroll of teleportation, it crumbles to dust.
You feel strangely unstable.
You block the eight-headed hydra's attack. x2
The eight-headed hydra bites you but does no damage. x2
You block the eight-headed hydra's attack.
The eight-headed hydra bites you.
You die...

P.#.#..... ...........
.######.... #.....
#P.... ## ##.... ##.##
##..## ##.#.### ##..##.
#..#.F@#..# #...##.
#......DY.# ##.....#
#..#......######......P
#¤ ##.##P¤F.......P....
... #.........../...
...¤ #...##..........
#..... #...#......#....
...... ###.#.........#.
#P.. ##.¤........#.


You could see an eight-headed hydra, a yak and 2 blink frogs.

Vanquished Creatures
  A minotaur (Gauntlet)
  2 hydras
  Erica (D:8)
  2 two-headed ogres
  A thrashing horror (Gauntlet)
  A death yak (D:8)
  A soul eater (Gauntlet)
  2 skeletal warriors (D:9)
  A will-o-the-wisp (Lair:3)
  12 elephants
  A torpor snail (Gauntlet)
  5 cane toads
  4 black mambas (Lair:2)
  2 minotaur zombies (Gauntlet)
  An unseen horror (D:11)
  An unseen horror zombie (D:8)
  A komodo dragon (Lair:3)
  4 blink frogs (Lair:1)
  3 hornets
  4 small abominations (Gauntlet)
  A shadow (D:11)
  3 wyverns
  30 yaks
  4 basilisks
  5 steam dragons
  7 vampire mosquitoes
  7 wargs
  17 water moccasins
  Pargi (Sewer)
  An acid dragon (D:11)
  6 orc warriors
  2 ice beasts
  4 black bears
  An ogre (D:5)
  4 centaurs
  5 wolves (Gauntlet)
  2 phantoms
  9 bullfrogs
  2 necrophages
  5 scorpions
  10 wights
  9 killer bees (D:7)
  2 electric eels
  4 howler monkeys
  A centaur zombie (D:8)
  A jelly (D:6)
  6 orc priests
  2 hounds
  4 iguanas
  Terence (D:3)
  12 orc wizards
  A killer bee zombie (D:8)
  2 howler monkey zombies (D:8)
  Robin (D:2)
  3 gnolls (D:5)
  8 adders
  5 shadow imps
  A white imp (D:7)
  2 worms
  4 dart slugs
  34 orcs
  8 endoplasms
  4 giant cockroaches
  13 goblins
  4 hobgoblins
  11 jackals
  2 kobolds (D:4)
  6 quokkas
  7 ball pythons
  9 bats
  6 frilled lizards
  A goblin zombie (D:4)
  A kobold skeleton (D:4)
  4 rats (D:5)
355 creatures vanquished.

Vanquished Creatures (others)
  A skeletal warrior (D:9)
  An unseen horror (D:11)
  An orc (D:8)
  8 foxfires (Lair:3)
  16 fungi
  23 plants
  2 withered plants (Lair:1)
52 creatures vanquished.

Grand Total: 407 creatures vanquished

Notes
Turn   | Place    | Note
-------+----------+-------------------------------------------
     0 | D:1      | qw the Minotaur Fighter began the quest for the Orb.
     0 | D:1      | Reached XP level 1. HP: 19/19 MP: 0/0
     0 | D:1      | 0 ||| qw: Version: 0.1-a-108-g9e35731
     0 | D:1      | 0 ||| qw: Game counter: 6449
     0 | D:1      | 0 ||| qw: Always use a shield: true
     0 | D:1      | 0 ||| qw: God list: Ru
     0 | D:1      | 0 ||| qw: Allow faded altars: false
     0 | D:1      | 0 ||| qw: Do Orc after D:15 true
     0 | D:1      | 0 ||| qw: Do second Lair branch before Depths: true
     0 | D:1      | 0 ||| qw: Lair rune preference: random
     0 | D:1      | 0 ||| qw: Plans: Normal
     0 | D:1      | 0 ||| PLANNING D:1-11
    28 | D:1      | 28 ||| Stepping ~*~*~tactically~*~*~ (stealth).
    29 | D:1      | 29 ||| Stepping ~*~*~tactically~*~*~ (stealth).
    62 | D:1      | Reached skill level 3 in Axes
   101 | D:1      | Reached XP level 2. HP: 26/26 MP: 1/1
   212 | D:1      | Reached skill level 4 in Axes
   536 | D:1      | 536 ||| UPGRADING to +0 pair of boots.
   541 | D:1      | 541 ||| UPGRADING to amulet of guardian spirit.
   546 | D:1      | 546 ||| READING 2 scrolls labelled MUSALE VUACEIP.
   547 | D:1      | 547 ||| READING scroll of brand weapon.
   547 | D:1      | 547 ||| BRANDING +0 war axe of protection.
   548 | D:1      | 548 ||| READING scroll labelled GISCHU MUIMIUNT.
   549 | D:1      | 549 ||| READING scroll labelled WEJEWI CASOC.
   550 | D:1      | 550 ||| DRINKING 3 fizzy golden potions.
   551 | D:1      | 551 ||| DRINKING 2 lumpy grey potions.
   552 | D:1      | 552 ||| DROPPING potion of attraction.
   581 | D:2      | Reached XP level 3. HP: 31/31 MP: 2/2
   725 | D:2      | 725 ||| Stepping ~*~*~tactically~*~*~ (hiding).
   962 | D:2      | Found an opulent altar of Gozag.
  1118 | D:2      | 1118 ||| Stepping ~*~*~tactically~*~*~ (hiding).
  1234 | D:2      | Noticed Robin
  1235 | D:2      | 1235 ||| Stepping ~*~*~tactically~*~*~ (hiding).
  1246 | D:2      | Killed Robin
  1247 | D:2      | Reached skill level 5 in Axes
  1496 | D:2      | 1496 ||| UPGRADING to +0 pair of gloves.
  1501 | D:2      | 1501 ||| READING scroll labelled CAENUPLO IDIZO.
  1504 | D:2      | 1504 ||| DRINKING 3 bubbling coppery potions.
  1549 | D:3      | Reached XP level 4. HP: 39/39 MP: 3/3
  1577 | D:3      | 1577 ||| Stepping ~*~*~tactically~*~*~ (hiding).
  1583 | D:3      | Noticed Terence
  1584 | D:3      | Reached skill level 1 in Dodging
  1584 | D:3      | 1584 ||| Stepping ~*~*~tactically~*~*~ (stealth).
  1615 | D:3      | Killed Terence
  1699 | D:3      | 1699 ||| DROPPING +0 club.
  1734 | D:3      | 1734 ||| Stepping ~*~*~tactically~*~*~ (stealth).
  1738 | D:3      | 1738 ||| Stepping ~*~*~tactically~*~*~ (stealth).
  1763 | D:3      | Reached XP level 5. HP: 45/45 MP: 4/4
  1865 | D:3      | Reached skill level 6 in Axes
  1914 | D:3      | 1914 ||| Stepping ~*~*~tactically~*~*~ (hiding).
  2203 | D:3      | Reached skill level 7 in Axes
  2222 | D:3      | Reached XP level 6. HP: 32/52 MP: 5/5
  2339 | D:3      | 2339 ||| DROPPING +0 mace.
  2359 | D:3      | Found a faded altar of an unknown god.
  2643 | D:3      | 2643 ||| READING scroll labelled ROLYUG FEPEO.
  2644 | D:3      | 2644 ||| READING scroll labelled QITOOD NESU.
  2645 | D:3      | 2645 ||| READING scroll labelled LEENUG ISTO.
  2646 | D:3      | 2646 ||| READING scroll labelled NICHAO JOKEQAN.
  2647 | D:3      | 2647 ||| DRINKING 2 metallic inky potions.
  2751 | D:4      | Reached skill level 8 in Axes
  2767 | D:4      | 2767 ||| Stepping ~*~*~tactically~*~*~ (stealth).
  2798 | D:4      | 2798 ||| Stepping ~*~*~tactically~*~*~ (stealth).
  2808 | D:4      | 2808 ||| Stepping ~*~*~tactically~*~*~ (stealth).
  2809 | D:4      | 2809 ||| Stepping ~*~*~tactically~*~*~ (stealth).
  2889 | D:4      | Reached XP level 7. HP: 59/59 MP: 6/6
  2922 | D:4      | Found a runed translucent door.
  2922 | D:4      | Noticed a human
  2924 | D:4      | Found a basalt altar of Yredelemnul.
  3075 | D:4      | Reached skill level 9 in Axes
  3333 | D:4      | 3333 ||| UPGRADING to scarf of repulsion.
  3338 | D:4      | 3338 ||| UPGRADING to ring of positive energy.
  3339 | D:4      | 3339 ||| DRINKING 2 bubbling orange potions.
  3368 | D:4      | 3368 ||| DROPPING potion of lignification.
  3385 | D:5      | Entered Level 5 of the Dungeon
  3386 | D:5      | 3386 ||| PLANNING SEWER
  3402 | D:5      | 3402 ||| Stepping ~*~*~tactically~*~*~ (hiding).
  3534 | D:5      | 3534 ||| READING scroll of enchant armour.
  3534 | D:5      | 3534 ||| ENCHANTING +0 pair of gloves.
  3582 | D:5      | Found a runed translucent door.
  3584 | D:5      | Noticed qw's ghost (novice MiFi)
  3642 | D:5      | Found a runed translucent door.
  3669 | D:5      | 3669 ||| Stepping ~*~*~tactically~*~*~ (stealth).
  3671 | D:5      | Found a glowing drain.
  3680 | D:5      | 3680 ||| READING scroll labelled LONOIC YXUMOB.
  3781 | D:5      | 3781 ||| READING 2 scrolls of identify.
  3781 | D:5      | 3781 ||| IDENTIFYING fuming blue potion
  3782 | D:5      | 3782 ||| DROPPING potion of flight.
  3795 | Sewer    | Entered a sewer
  3799 | Sewer    | 3799 ||| Stepping ~*~*~tactically~*~*~ (water).
  3807 | Sewer    | 3807 ||| Stepping ~*~*~tactically~*~*~ (water).
  3814 | Sewer    | Noticed Pargi
  3815 | Sewer    | 3815 ||| Stepping ~*~*~tactically~*~*~ (water).
  3821 | Sewer    | Killed Pargi
  3829 | Sewer    | 3829 ||| Stepping ~*~*~tactically~*~*~ (water).
  3900 | Sewer    | 3900 ||| Stepping ~*~*~tactically~*~*~ (water).
  3927 | Sewer    | 3927 ||| READING scroll of enchant armour.
  3927 | Sewer    | 3927 ||| ENCHANTING +1 pair of gloves.
  3993 | Sewer    | 3993 ||| READING scroll labelled ZINKAL TUMEY.
  3994 | Sewer    | 3994 ||| READING scroll labelled TAOHIPNIODA.
  4002 | D:5      | 4002 ||| PLANNING D:1-11
  4023 | D:5      | Reached skill level 10 in Axes
  4083 | D:5      | Reached skill level 1 in Throwing
  4083 | D:5      | Reached XP level 8. HP: 69/69 MP: 7/7
  4469 | D:5      | 4469 ||| UPGRADING to ring of poison resistance.
  4470 | D:5      | 4470 ||| READING scroll labelled UGYBRITURUI.
  4598 | D:5      | 4598 ||| DRINKING 2 grey potions.
  4643 | D:6      | Reached skill level 6 in Fighting
  4672 | D:6      | 4672 ||| READING scroll of enchant armour.
  4672 | D:6      | 4672 ||| ENCHANTING +0 pair of boots.
  4714 | D:6      | 4714 ||| Stepping ~*~*~tactically~*~*~ (hiding).
  4716 | D:6      | 4716 ||| Stepping ~*~*~tactically~*~*~ (stealth).
  4736 | D:6      | Reached skill level 11 in Axes
  4935 | D:6      | 4935 ||| Stepping ~*~*~tactically~*~*~ (hiding).
  4962 | D:6      | 4962 ||| Stepping ~*~*~tactically~*~*~ (stealth).
  5557 | D:6      | Reached skill level 12 in Axes
  5560 | D:6      | 5560 ||| DRINKING 3 potions of curing.
  5560 | D:6      | 5560 ||| (to cure confusion)
  5675 | D:6      | 5675 ||| UPGRADING to +0 chain mail.
  5685 | D:6      | 5685 ||| DROPPING +0 scale mail.
  5686 | D:6      | 5686 ||| UPGRADING to ring of willpower.
  5688 | D:6      | 5688 ||| READING scroll labelled MIXTE YMALE.
  5689 | D:6      | 5689 ||| READING 4 scrolls of identify.
  5689 | D:6      | 5689 ||| IDENTIFYING dark potion
  5690 | D:6      | 5690 ||| DRINKING potion of experience.
  5690 | D:6      | Reached XP level 9. HP: 78/78 MP: 8/8
  5691 | D:6      | 5691 ||| READING 3 scrolls of identify.
  5691 | D:6      | 5691 ||| IDENTIFYING inky potion
  5692 | D:6      | 5692 ||| READING 2 scrolls of identify.
  5692 | D:6      | 5692 ||| IDENTIFYING puce potion
  5693 | D:6      | 5693 ||| DROPPING potion of brilliance.
  5719 | D:7      | 5719 ||| Stepping ~*~*~tactically~*~*~ (stealth).
  5747 | D:7      | Reached XP level 10. HP: 67/86 MP: 9/9
  6056 | D:7      | 6056 ||| DROPPING +0 flail.
  6092 | D:7      | Noticed a green ugly thing
  6092 | D:7      | Noticed a cyan ugly thing
  6093 | D:7      | Found a transporter.
  6095 | D:7      | Found a corrupted altar of Lugonu.
  6226 | D:7      | Found a staircase to the Ecumenical Temple.
  6227 | D:7      | 6227 ||| PLANNING TEMPLE
  6227 | D:7      | 6227 ||| READING scroll labelled ZEIKIL FOEMAED.
  6228 | D:7      | 6228 ||| READING 2 scrolls of identify.
  6228 | D:7      | 6228 ||| IDENTIFYING bubbling blue potion
  6229 | D:7      | 6229 ||| DROPPING potion of degeneration.
  6234 | Temple   | Entered the Ecumenical Temple
  6242 | Temple   | Became a worshipper of Ru the Awakened
  6256 | Temple   | 6256 ||| PLANNING D:1-11
  6281 | D:7      | Noticed a purple ugly thing
  6397 | D:8      | 6397 ||| Stepping ~*~*~tactically~*~*~ (hiding).
  6404 | D:8      | Reached skill level 13 in Axes
  6536 | D:8      | Noticed a death yak
  6553 | D:8      | Killed a death yak
  6615 | D:8      | Found a staircase to the Lair.
  6655 | D:8      | 6655 ||| Stepping ~*~*~tactically~*~*~ (hiding).
  6964 | D:8      | Identified the +6 hand axe "Yluimpe" {freeze, rElec Dex+3}
  6966 | D:8      | 6966 ||| DROPPING +6 hand axe "Yluimpe" {freeze, rElec
                  | Dex+3}.
  7057 | D:8      | 7057 ||| Stepping ~*~*~tactically~*~*~ (stealth).
  7059 | D:8      | 7059 ||| Stepping ~*~*~tactically~*~*~ (stealth).
  7062 | D:8      | 7062 ||| Stepping ~*~*~tactically~*~*~ (stealth).
  7226 | D:8      | 7226 ||| Stepping ~*~*~tactically~*~*~ (cloud).
  7227 | D:8      | Noticed Erica
  7247 | D:8      | Killed Erica
  7389 | D:8      | Found a snail-covered altar of Cheibriados.
  7423 | D:8      | 7423 ||| Stepping ~*~*~tactically~*~*~ (hiding).
  7530 | D:8      | 7530 ||| DROPPING amulet of the acrobat.
  7531 | D:8      | 7531 ||| UPGRADING to amulet of reflection.
  7541 | D:8      | 7541 ||| DROPPING amulet of guardian spirit.
  7612 | D:9      | Reached skill level 14 in Axes
  7624 | D:9      | Reached XP level 11. HP: 94/95 MP: 10/10
  7626 | D:9      | Noticed a two-headed ogre
  7631 | D:9      | 7631 ||| Stepping ~*~*~tactically~*~*~ (stealth).
  7634 | D:9      | Killed a two-headed ogre
  7642 | D:9      | 7642 ||| INVOKING Sacrifice Artifice.
  7642 | D:9      | Gained mutation: You cannot study or use magical devices.
                  | [Ru sacrifice]
  7642 | D:9      | Reached * piety under Ru
  7642 | D:9      | Reached ** piety under Ru
  7687 | D:9      | Noticed a skeletal warrior
  7689 | D:9      | 7689 ||| Stepping ~*~*~tactically~*~*~ (hiding).
  7705 | D:9      | Killed a skeletal warrior
  7951 | D:9      | Noticed a skeletal warrior
  7960 | D:9      | Noticed a skeletal warrior
  7963 | D:9      | Killed a skeletal warrior
  7972 | D:9      | Killed a skeletal warrior
  7973 | D:9      | Reached skill level 15 in Axes
  8261 | D:9      | 8261 ||| Stepping ~*~*~tactically~*~*~ (hiding).
  8273 | D:9      | 8273 ||| Stepping ~*~*~tactically~*~*~ (stealth).
  8307 | D:9      | 8307 ||| Stepping ~*~*~tactically~*~*~ (stealth).
  8309 | D:9      | 8309 ||| Stepping ~*~*~tactically~*~*~ (hiding).
  8483 | D:9      | Identified the +6 chain mail of Makhleb's Approval {rPois
                  | rF++ Will+ Regen+}
  8542 | D:9      | 8542 ||| DROPPING +1 pair of gloves.
  8543 | D:9      | 8543 ||| UPGRADING to +6 chain mail of Makhleb's Approval
                  | {rPois rF++ Will+ Regen+}.
  8553 | D:9      | 8553 ||| REMOVING ring of poison resistance.
  8554 | D:9      | 8554 ||| DROPPING +0 chain mail.
  8555 | D:9      | 8555 ||| UPGRADING to ring of positive energy.
  8556 | D:9      | 8556 ||| READING scroll labelled QET ABUHAEBUBRO.
  8567 | D:10     | Entered Level 10 of the Dungeon
  8586 | D:10     | Reached skill level 9 in Fighting
  8606 | D:10     | 8606 ||| READING 2 scrolls of enchant weapon.
  8606 | D:10     | 8606 ||| ENCHANTING +1 vorpal war axe.
  8607 | D:10     | 8607 ||| READING scroll of enchant weapon.
  8607 | D:10     | 8607 ||| ENCHANTING +2 vorpal war axe.
  8687 | D:10     | 8687 ||| FLEEEEING.
  8688 | D:10     | 8688 ||| FLEEEEING.
  8689 | D:10     | 8689 ||| FLEEEEING.
  8745 | D:10     | 8745 ||| Stepping ~*~*~tactically~*~*~ (stealth).
  8746 | D:10     | 8746 ||| Stepping ~*~*~tactically~*~*~ (stealth).
  8747 | D:10     | 8747 ||| Stepping ~*~*~tactically~*~*~ (stealth).
  8778 | D:10     | Noticed a two-headed ogre
  8788 | D:10     | Killed a two-headed ogre
  8789 | D:10     | Reached skill level 16 in Axes
  9016 | D:10     | Found an opulent altar of Gozag.
  9071 | D:10     | Found a glowing silver altar of Zin.
  9171 | D:10     | 9171 ||| UPGRADING to +0 tower shield.
  9181 | D:10     | 9181 ||| DROPPING +0 buckler.
  9182 | D:10     | 9182 ||| READING scroll labelled XIHAMUE XOSTROV.
  9183 | D:10     | 9183 ||| READING scroll labelled WUITUO JAYCZUI.
  9271 | D:11     | Identified the +7 quarterstaff "Sibipn" {flame, Fly rCorr
                  | Str+2 Int-5}
  9302 | D:11     | Reached skill level 6 in Shields
  9310 | D:11     | Noticed a four-headed hydra
  9313 | D:11     | 9313 ||| SWAPPING to +0 morningstar.
  9326 | D:11     | Killed a four-headed hydra
  9327 | D:11     | 9327 ||| SWAPPING to +3 vorpal war axe.
  9396 | D:11     | 9396 ||| Stepping ~*~*~tactically~*~*~ (stealth).
  9446 | D:11     | Identified the +9 falchion of Defilement {freeze, *Noise
                  | rC+ Int+2}
  9546 | D:11     | 9546 ||| Stepping ~*~*~tactically~*~*~ (stealth).
  9562 | D:11     | Reached XP level 12. HP: 101/104 MP: 11/11
  9563 | D:11     | 9563 ||| Stepping ~*~*~tactically~*~*~ (stealth).
  9564 | D:11     | 9564 ||| Stepping ~*~*~tactically~*~*~ (stealth).
  9588 | D:11     | Found a staircase to the Orcish Mines.
  9693 | D:11     | 9693 ||| Stepping ~*~*~tactically~*~*~ (stealth).
  9694 | D:11     | Found Nuliar's Armour Boutique.
  9846 | D:11     | 9846 ||| PLANNING LAIR
  9846 | D:11     | 9846 ||| DRINKING 2 white potions.
  9947 | D:11     | 9947 ||| READING 2 scrolls of identify.
  9947 | D:11     | 9947 ||| IDENTIFYING fuming silvery potion
  9948 | D:11     | 9948 ||| DROPPING potion of berserk rage.
  9949 | D:11     | 9949 ||| DROPPING potion of ambrosia.
 10020 | Lair:1   | Entered Level 1 of the Lair of Beasts
 10103 | Lair:1   | 10103 ||| Stepping ~*~*~tactically~*~*~ (stealth).
 10106 | Lair:1   | 10106 ||| Stepping ~*~*~tactically~*~*~ (stealth).
 10123 | Lair:1   | Reached skill level 9 in Shields
 10148 | Lair:1   | 10148 ||| INVOKING Sacrifice Stealth.
 10148 | Lair:1   | Gained mutation: You cannot be stealthy. [Ru sacrifice]
 10148 | Lair:1   | Reached *** piety under Ru
 10207 | Lair:1   | Found an iron altar of Okawaru.
 10232 | Lair:1   | 10232 ||| Stepping ~*~*~tactically~*~*~ (stealth).
 10234 | Lair:1   | 10234 ||| Stepping ~*~*~tactically~*~*~ (stealth).
 10391 | Lair:1   | 10391 ||| Stepping ~*~*~tactically~*~*~ (stealth).
 10578 | Lair:1   | Found a runed translucent door.
 10581 | Lair:1   | Noticed qw's ghost (novice TeWr)
 10611 | Lair:1   | 10611 ||| Stepping ~*~*~tactically~*~*~ (stealth).
 10613 | Lair:1   | 10613 ||| Stepping ~*~*~tactically~*~*~ (stealth).
 10641 | Lair:1   | Reached skill level 12 in Shields
 10869 | Lair:2   | 10869 ||| PLANNING GAUNTLET
 10995 | Lair:2   | Found a gate leading to a gauntlet.
 10996 | Lair:2   | 10996 ||| READING 2 scrolls of identify.
 10996 | Lair:2   | 10996 ||| IDENTIFYING bubbling white potion
 10997 | Lair:2   | 10997 ||| DROPPING potion of invisibility.
 11031 | Gauntlet | Entered a Gauntlet
 11031 | Gauntlet | Found a transporter.
 11031 | Gauntlet | Found a transporter.
 11037 | Gauntlet | Found a transporter.
 11049 | Gauntlet | Found a transporter.
 11066 | Gauntlet | Found a transporter.
 11067 | Gauntlet | Found a transporter.
 11067 | Gauntlet | Found a transporter.
 11069 | Gauntlet | Found a transporter.
 11069 | Gauntlet | Found a transporter.
 11084 | Gauntlet | Found a transporter.
 11097 | Gauntlet | Found a transporter.
 11107 | Gauntlet | Found a transporter.
 11121 | Gauntlet | Found a transporter.
 11141 | Gauntlet | Found a transporter.
 11142 | Gauntlet | Found a runed translucent door.
 11296 | Gauntlet | Identified the ring of the Decaying God {rC+ Will+}
 11298 | Gauntlet | 11298 ||| UPGRADING to ring of the Decaying God {rC+
                  | Will+}.
 11300 | Gauntlet | 11300 ||| UPGRADING to ring of willpower.
 11314 | Gauntlet | Noticed a minotaur
 11315 | Gauntlet | 11315 ||| Stepping ~*~*~tactically~*~*~ (stealth).
 11316 | Gauntlet | 11316 ||| Stepping ~*~*~tactically~*~*~ (stealth).
 11326 | Gauntlet | Killed a minotaur
 11421 | Lair:2   | 11421 ||| PLANNING LAIR
 11504 | Lair:2   | 11504 ||| Stepping ~*~*~tactically~*~*~ (stealth).
 11505 | Lair:2   | Found a staircase to the Snake Pit.
 11509 | Lair:2   | Reached skill level 3 in Throwing
 11516 | Lair:2   | Reached XP level 13. HP: 106/111 MP: 12/12
 11586 | Lair:2   | 11586 ||| SWAPPING to +0 morningstar.
 11591 | Lair:2   | 11591 ||| SWAPPING to +3 vorpal war axe.
 11647 | Lair:2   | 11647 ||| Stepping ~*~*~tactically~*~*~ (stealth).
 11649 | Lair:2   | 11649 ||| Stepping ~*~*~tactically~*~*~ (stealth).
 11729 | Lair:2   | 11729 ||| INVOKING Sacrifice Experience.
 11729 | Lair:2   | Gained mutation: You are somewhat inexperienced. (-1 XL)
                  | [Ru sacrifice]
 11729 | Lair:2   | Reached XP level 12. HP: 104/104 MP: 11/11
 11729 | Lair:2   | Reached **** piety under Ru
 12254 | Lair:3   | 12254 ||| Stepping ~*~*~tactically~*~*~ (stealth).
 12255 | Lair:3   | 12255 ||| Stepping ~*~*~tactically~*~*~ (stealth).
 12263 | Lair:3   | Reached skill level 17 in Axes
 12461 | Lair:3   | 12461 ||| FLEEEEING.
 12462 | Lair:3   | 12462 ||| FLEEEEING.
 12464 | Lair:3   | 12464 ||| FLEEEEING.
 12522 | Lair:3   | Found a staircase to the Swamp.
 13064 | Lair:4   | 13064 ||| Stepping ~*~*~tactically~*~*~ (stealth).
 13071 | Lair:4   | 13071 ||| SWAPPING to +0 morningstar.
 13074 | Lair:4   | 13074 ||| Stepping ~*~*~tactically~*~*~ (outnumbered).
 13075 | Lair:4   | 13075 ||| Stepping ~*~*~tactically~*~*~ (outnumbered).
 13077 | Lair:4   | 13077 ||| Stepping ~*~*~tactically~*~*~ (outnumbered).
 13079 | Lair:4   | 13079 ||| Stepping ~*~*~tactically~*~*~ (outnumbered).
 13081 | Lair:4   | 13081 ||| Stepping ~*~*~tactically~*~*~ (outnumbered).
 13083 | Lair:4   | 13083 ||| Stepping ~*~*~tactically~*~*~ (outnumbered).
 13084 | Lair:4   | 13084 ||| Stepping ~*~*~tactically~*~*~ (outnumbered).
 13085 | Lair:4   | 13085 ||| Stepping ~*~*~tactically~*~*~ (outnumbered).
 13086 | Lair:4   | 13086 ||| Stepping ~*~*~tactically~*~*~ (outnumbered).
 13087 | Lair:4   | 13087 ||| Stepping ~*~*~tactically~*~*~ (outnumbered).
 13088 | Lair:4   | 13088 ||| Stepping ~*~*~tactically~*~*~ (outnumbered).
 13090 | Lair:4   | 13090 ||| Stepping ~*~*~tactically~*~*~ (outnumbered).
 13091 | Lair:4   | 13091 ||| Stepping ~*~*~tactically~*~*~ (outnumbered).
 13093 | Lair:4   | 13093 ||| Stepping ~*~*~tactically~*~*~ (outnumbered).
 13094 | Lair:4   | 13094 ||| Stepping ~*~*~tactically~*~*~ (outnumbered).
 13095 | Lair:4   | 13095 ||| Stepping ~*~*~tactically~*~*~ (outnumbered).
 13098 | Lair:4   | 13098 ||| Stepping ~*~*~tactically~*~*~ (outnumbered).
 13099 | Lair:4   | 13099 ||| Stepping ~*~*~tactically~*~*~ (outnumbered).
 13103 | Lair:4   | HP: 25/106 [eight-headed hydra (4)]
 13103 | Lair:4   | HP: 5/106 [eight-headed hydra (9)]
 13103 | Lair:4   | HP: 1/106 [eight-headed hydra (4)]
 13104 | Lair:4   | 13104 ||| READING 12 scrolls of teleportation.
 13104 | Lair:4   | Slain by an eight-headed hydra

Levels and vault maps discovered:
D:1:      dpeg_arrival_simpleton_c, layout_rooms
D:2:      layout_loops_ring, basic_altar, uniq_robin
D:3:      layout_loops_cross, dreamdust_ecumenical_altar_grove, uniq_terence
D:4:      layout_loops_ring, dk_yredelemnul_ordeal,
          chequers_serial_rivers_large_a, minmay_misc_feat_room,
          minmay_misc_feat_square, minivault_11
D:5:      layout_basic, portal_sewer_entry_b, ebering_ghost_sewer_f
D:6:      layout_gridville, corexii_hall_statues_i
D:7:      gammafunk_corrupted_shrine, layout_rooms, temple_doors_ab
D:8:      layout_gridville, cheibriados_altar_1, david_lair_generic,
          serial_undead, serial_undead_f, serial_undead_f, serial_undead_c,
          serial_undead_f, corexii_hall_statues_deadend, uniq_erica
D:9:      layout_rooms
D:10:     kennysheep_steamy, layout_rooms, grunt_gozag_statues, zin_scriptorium,
          minmay_misc_feat_encased, nooodl_orcs_dogs
D:11:     layout_cave_pools, david_orc_1_choice, serial_shops, shop_statue
Temple:   dpeg_three_leaves_temple
Lair:1:   layout_chaotic_city, gammafunk_ghost_grave, basic_altar,
          guppyfry_lair_drakes
Lair:2:   layout_cave_shapes, minmay_snake_entry_six_corridors,
          gauntlet_entry_generic, evilmike_ambush
          [evilmike_ambush_outer_pillars, evilmike_ambush_inner_pond]
Lair:3:   layout_cave_pods, minmay_swamp_entry_wisps,
          grunt_forest_small_clearing_treed
Lair:4:   layout_misc_corridors, minmay_hedge_maze

Skill      XL: |  1  2  3  4  5  6  7  8  9 10 11 12 13 |
---------------+----------------------------------------+-----
Axes           | 3 4 5 7 8 10 12 14 16 17 | 17.0
Dodging        | 1 2 4 |  4.2
Fighting       | 4 5 6 7 8 9 10 | 10.0
Throwing       | 1 3 |  3.1
Shields        | 4 5 7 13 14 | 14.6
Armour         | 13 | 13.6

Action                   |  1- 3 |  4- 6 |  7- 9 | 10-12 | 13-15 || total
-------------------------+-------+-------+-------+-------+-------++-------
Melee: War axe           |    75 |    91 |   160 |   606 |    50 ||   982
       Headbutt          |     8 |    12 |    27 |   130 |    22 ||   199
       Morningstar       |       |       |       |    26 |     3 ||    29
Throw: Boomerang         |       |    14 |    46 |    57 |       ||   117
       Javelin           |       |       |       |    29 |     7 ||    36
Invok: Sacrifice Artific |       |       |       |     1 |       ||     1
       Sacrifice Stealth |       |       |       |     1 |       ||     1
       Sacrifice Experie |       |       |       |     1 |       ||     1
  Use: Scroll            |     5 |     4 |    12 |    10 |       ||    31
       Potion            |     3 |     1 |     4 |     1 |       ||     9
 Stab: Invisible         |       |       |       |     1 |       ||     1
Armor: Scale mail        |    28 |    38 |    59 |       |       ||   125
       Chain mail        |       |       |    20 |   349 |    20 ||   389
Dodge: Dodged            |    35 |    34 |    83 |   183 |     5 ||   340
       Repelled          |       |       |       |     3 |       ||     3
Block: Buckler           |    14 |    19 |    28 |    72 |       ||   133
       Tower shield      |       |       |       |   387 |    49 ||   436
       Reflection        |       |       |       |     7 |       ||     7

Table legend:
 A = Non-vault XP
 B = Vault XP
 C = Vault XP percentage of total XP
 D = Non-vault monster count
 E = Vault monster count
 F = Vault count percentage of total count
                 A         B        C        D         E       F
            +---------+---------+-------+---------+---------+-------
      Total |   32353 |   13668 |  29.7 |     258 |     100 |  27.9
            +---------+---------+-------+---------+---------+-------
        D:1 |      40 |       0 |   0.0 |      20 |       0 |   0.0
        D:2 |      24 |      29 |  54.7 |      14 |       8 |  36.4
        D:3 |     277 |      36 |  11.5 |      33 |       1 |   2.9
        D:4 |     518 |       2 |   0.4 |      19 |       2 |   9.5
        D:5 |     436 |      11 |   2.5 |       9 |       6 |  40.0
        D:6 |    1142 |       0 |   0.0 |      25 |       0 |   0.0
        D:7 |    1232 |       0 |   0.0 |      19 |       0 |   0.0
        D:8 |    1061 |    3090 |  74.4 |      17 |      17 |  50.0
        D:9 |    3571 |       0 |   0.0 |       9 |       0 |   0.0
       D:10 |    3329 |    1357 |  29.0 |      19 |      14 |  42.4
       D:11 |    2842 |     828 |  22.6 |      10 |       9 |  47.4
     Lair:1 |    7048 |     278 |   3.8 |      24 |       2 |   7.7
     Lair:2 |    7338 |    2444 |  25.0 |      22 |      10 |  31.2
     Lair:3 |    3208 |     523 |  14.0 |      16 |       1 |   5.9
     Lair:4 |     287 |       0 |   0.0 |       2 |       0 |   0.0
      Sewer |       0 |     183 | 100.0 |       0 |      11 | 100.0
   Gauntlet |       0 |    4887 | 100.0 |       0 |      19 | 100.0
            +---------+---------+-------+---------+---------+-------
